 Dungeon Sprint DCSS version 0.23.1 (webtiles) character file.

Game seed: 12572331426420320576

28195 wilfster70 the Warrior (level 13, 0/136 HPs)
             Began as a Minotaur Fighter on Mar 13, 2019.
             Was the Champion of the Shining One.
             Killed by mirror damage (2 damage)
             ... in the Dungeon (Sprint VII: "The Pits").
             The game lasted 00:15:38 (3960 turns).

wilfster70 the Warrior (Minotaur Fighter)           Turns: 3960, Time: 00:15:39

Health: 0/136      AC: 21    Str: 35    XL:     13   Next: 8%
Magic:  23/23      EV:  9    Int:  5    God:    the Shining One [******]
Gold:   67         SH: 15    Dex:  9    Spells: 12/12 levels left

rFire    . . .     SeeInvis .   a - +2 war axe (chop)
rCold    . . .     Gourm    .   c - +0 shield
rNeg     + + +     Faith    .   p - +3 chain mail
rPois    .         Spirit   .   (helmet restricted)
rElec    .         Reflect  .   q - +0 cloak
rCorr    .         Harm     .   r - +0 pair of gloves
MR       +....     NoTele   +   (no boots)
Stlth    ..........             (no amulet)
HPRegen  0.32/turn              y - ring of protection from magic
MPRegen  0.18/turn              o - +3 ring of strength

@: mighty, glowing
A: retaliatory headbutt, horns 2
a: Divine Shield, Cleansing Flame, Summon Divine Warrior, Renounce Religion


You were in the Dungeon.
You worshipped the Shining One.
The Shining One was exalted by your worship.
You were not hungry.

You visited 1 branch You collected 67 gold pieces.

Inventory:

Hand Weapons
 a - a +2 war axe of chopping (weapon)
 b - a +6 trishula of holy wrath
Armour
 c - a +0 shield (worn)
 p - a +3 chain mail (worn)
 q - a +0 cloak (worn)
 r - a +0 pair of gloves (worn)
Jewellery
 o - a +3 ring of strength (right hand)
 y - a ring of protection from magic (left hand)
 A - an uncursed ring of protection from cold
Wands
 v - a wand of polymorph (6)
 x - a wand of iceblast (3)
Scrolls
 k - 4 scrolls of blinking
 l - 5 scrolls of remove curse
 m - 5 scrolls of amnesia
 n - a scroll of summoning
 C - a scroll of fear
 D - 2 scrolls of identify
Potions
 d - a potion of might
 e - 5 potions of curing
 h - 3 potions of haste
 i - 4 potions of magic
 j - 7 potions of berserk rage
 s - 3 potions of brilliance
 t - 2 potions of mutation
 z - a potion of flight
 F - a potion of agility
Miscellaneous
 B - a box of beasts
Comestibles
 f - 9 rations


   Skills:
 + Level 18.7 Fighting
 - Level 16.0 Axes
 + Level 18.7 Armour
 - Level 15.1 Shields
 + Level 15.8 Invocations
 + Level 8.7 Evocations


You had 12 spell levels left.
You didn't know any spells.
Your spell library was empty.

Dungeon Overview and Level Annotations

Branches:
Dungeon (1/1)

Altars:
Ashenzari
Cheibriados
Dithmenos
Elyvilon
Fedhas
Gozag
Hepliaklqana
Kikubaaqudgha
Makhleb
Nemelex Xobeh
Okawaru
Qazlal
Ru
Sif Muna
Trog
Uskayaw
Vehumet
Wu Jian
Xom
Yredelemnul
Zin
The Shining One
Beogh
Jiyva
Lugonu


Innate Abilities, Weirdness & Mutations

You reflexively headbutt those who attack you in melee.
You have a pair of horns on your head.


Message History

* * * LOW HITPOINT WARNING * * *
The alligator snapping turtle completely misses you.
Unknown command.
The death knight invokes the aid of Yredelemnul against you.
You easily resist.
You block the alligator snapping turtle's attack.
Found an uncursed staff of power and a ration.
Items here: )) ? } †† You completely miss the alligator snapping turtle.
You slice the alligator snapping turtle!!
You headbutt the alligator snapping turtle!
The alligator snapping turtle is moderately wounded.
You hit the death knight but do no damage.
You block the death knight's attack.
The alligator snapping turtle bites you but does no damage.
You slash the alligator snapping turtle!
The alligator snapping turtle is moderately wounded.
You hit the death knight.
The death knight reflects your damage back at you!
You die...

#### ## ##.#.# #N# #p#.#.#
#p# #T#[#%#t# #.#)#@#
#)#p#|# .#####[##########.
###### .......†...........
____.# .........D.........
____.# #########''########
__...###########''##########
####'##................##..#
)))'.##......#..#....).##..#


You could see an alligator snapping turtle, a death knight, a wizard and a naga.

Vanquished Creatures
  A death cob (D)
  A fire giant (D)
  An emperor scorpion (D)
  A green draconian (D)
  A vampire knight (D)
  A deep elf high priest (D)
  A hydra (D)
  A merfolk aquamancer (D)
  Urug (D)
  2 deep elf knights (D)
  Sonja (D)
  A shadow wraith (D)
  A spriggan druid (D)
  A deep troll (D)
  A wizard (D)
  2 swamp dragons (D)
  A deep elf archer (D)
  An ugly thing (D)
  A cyclops (D)
  A deep elf mage (D)
  An orc sorcerer (D)
  A manticore (D)
  2 merfolk sirens (D)
  An elephant (D)
  A naga mage (D)
  Maurice (D)
  A molten gargoyle (D)
  A yaktaur (D)
  An efreet (D)
  A freezing wraith (D)
  2 demonic crawlers (D)
  A guardian mummy (D)
  A hellwing (D)
  A wandering mushroom (D)
  A merfolk (D)
  A hornet (D)
  A tyrant leech (D)
  A bog body (D)
  2 hippogriffs (D)
  A redback (D)
  A spriggan (D)
  A tarantella (D)
  A water elemental (D)
  4 yaks (D)
  A fire bat (D)
  2 vampire mosquitoes (D)
  A basilisk (D)
  A chaos spawn (D)
  2 soldier ants (D)
  An acid dragon (D)
  A water moccasin (D)
  2 porcupines (D)
  A black bear (D)
  An ogre (D)
  A phantom (D)
  2 centaurs (D)
  A crocodile (D)
  2 earth elementals (D)
  A scorpion (D)
  A crimson imp (D)
  An iron imp (D)
  A jelly (D)
  A worker ant (D)
  A mummy (D)
  A gnoll (D)
  A river rat (D)
  An ufetubus (D)
  2 oozes (D)
  A worm (D)
  An orc (D)
  A ball python (D)
  A bat skeleton (D)
  3 hobgoblins (D)
  A quokka (D)
  A ball python skeleton (D)
  A bat (D)
  A frilled lizard (D)
  A kobold (D)
  A leopard gecko skeleton (D)
  A crawling corpse (D)
96 creatures vanquished.

Vanquished Creatures (collateral kills)
  A sphinx (D)
  A deep elf sorcerer (D)
  A draconian scorcher (D)
  A purple draconian (D)
  2 deep elf death magi (D)
  A yaktaur captain (D)
  A wizard (D)
  A lindwurm (D)
  A merfolk (D)
  A crimson imp (D)
11 creatures vanquished.

Grand Total: 107 creatures vanquished

Notes
Turn   | Place    | Note
-------+----------+-------------------------------------------
     0 | D        | wilfster70 the Minotaur Fighter began the quest for the
                  | Orb.
     0 | D        | Reached XP level 1. HP: 19/19 MP: 0/0
    19 | D        | Found a bloodstained altar of Trog.
    19 | D        | Found a deep blue altar of Sif Muna.
    19 | D        | Found a viscous altar of Jiyva.
    19 | D        | Found a hazy altar of Hepliaklqana.
    19 | D        | Found an opulent altar of Gozag.
    20 | D        | Found a glowing golden altar of the Shining One.
    20 | D        | Found a glowing silver altar of Zin.
    20 | D        | Found a basalt altar of Yredelemnul.
    20 | D        | Found a shimmering altar of Xom.
    20 | D        | Found an ornate altar of the Wu Jian Council.
    20 | D        | Found a sacrificial altar of Ru.
    20 | D        | Found a stormy altar of Qazlal.
    20 | D        | Found an iron altar of Okawaru.
    20 | D        | Found a sparkling altar of Nemelex Xobeh.
    20 | D        | Found a burning altar of Makhleb.
    20 | D        | Found a blossoming altar of Fedhas.
    20 | D        | Found a white marble altar of Elyvilon.
    20 | D        | Found a shadowy altar of Dithmenos.
    20 | D        | Found a snail-covered altar of Cheibriados.
    21 | D        | Found a radiant altar of Vehumet.
    21 | D        | Found a corrupted altar of Lugonu.
    21 | D        | Found a roughly hewn altar of Beogh.
    22 | D        | Found a hide-covered altar of Uskayaw.
    22 | D        | Found an ancient bone altar of Kikubaaqudgha.
    22 | D        | Found a shattered altar of Ashenzari.
    32 | D        | Became a worshipper of the Shining One
    77 | D        | Reached XP level 2. HP: 25/27 MP: 1/1
    84 | D        | Reached * piety under the Shining One
    84 | D        | Noticed a crimson imp
    92 | D        | Killed a crimson imp
    92 | D        | Reached ** piety under the Shining One
    92 | D        | Reached skill level 5 in Fighting
    92 | D        | Reached skill level 5 in Axes
    92 | D        | Reached skill level 5 in Shields
    92 | D        | Reached skill level 1 in Invocations
    92 | D        | Reached XP level 3. HP: 25/36 MP: 1/3
   210 | D        | Noticed a porcupine
   221 | D        | Killed a porcupine
   221 | D        | Reached XP level 4. HP: 14/44 MP: 3/5
   221 | D        | Reached XP level 5. HP: 16/50 MP: 3/6
   438 | D        | Noticed an ogre
   438 | D        | Noticed a centaur
   438 | D        | Noticed a fire bat
   449 | D        | Killed a fire bat
   449 | D        | Reached XP level 6. HP: 49/60 MP: 3/8
   454 | D        | Reached skill level 5 in Invocations
   456 | D        | Reached skill level 10 in Axes
   495 | D        | Reached *** piety under the Shining One
   511 | D        | Noticed a chaos spawn
   513 | D        | Killed a chaos spawn
   513 | D        | Reached **** piety under the Shining One
   513 | D        | Reached XP level 7. HP: 69/69 MP: 10/10
   528 | D        | Reached ***** piety under the Shining One
   538 | D        | Noticed a cyclops
   552 | D        | Killed a cyclops
   552 | D        | Reached XP level 8. HP: 26/78 MP: 10/12
   887 | D        | Noticed a demonic crawler
   904 | D        | Reached skill level 10 in Armour
   906 | D        | Killed a demonic crawler
   906 | D        | Reached skill level 10 in Fighting
   906 | D        | Reached skill level 10 in Shields
  1043 | D        | Noticed a hippogriff
  1043 | D        | Noticed an orc sorcerer
  1043 | D        | Reached ****** piety under the Shining One
  1047 | D        | Killed a hippogriff
  1053 | D        | Killed an orc sorcerer
  1053 | D        | Reached XP level 9. HP: 86/86 MP: 12/14
  1060 | D        | Noticed a molten gargoyle
  1073 | D        | Killed a molten gargoyle
  1125 | D        | Noticed a demonic crawler
  1130 | D        | Reached skill level 15 in Axes
  1139 | D        | Killed a demonic crawler
  1180 | D        | Noticed Urug
  1180 | D        | Noticed a yaktaur
  1189 | D        | Killed a yaktaur
  1189 | D        | Reached XP level 10. HP: 76/97 MP: 16/16
  1205 | D        | Killed Urug
  1219 | D        | Identified a +6 trishula of holy wrath (a +4 demon trident
                  | blessed by the Shining One)
  1219 | D        | Received a gift from the Shining One
  1491 | D        | Reached skill level 10 in Invocations
  1506 | D        | Noticed a deep elf knight
  1506 | D        | Noticed a deep elf mage
  1506 | D        | Noticed a deep elf knight
  1506 | D        | Noticed a deep elf archer
  1526 | D        | Killed a deep elf knight
  1534 | D        | Killed a deep elf knight
  1543 | D        | Killed a deep elf archer
  1551 | D        | The Shining One protects you from harm!
  1552 | D        | Killed a deep elf mage
  2049 | D        | Noticed a shadow wraith
  2049 | D        | Noticed a lindwurm
  2049 | D        | Noticed a merfolk aquamancer
  2051 | D        | Noticed Maurice
  2081 | D        | Killed a shadow wraith
  2081 | D        | Reached XP level 11. HP: 84/108 MP: 18/18
  2093 | D        | Killed a lindwurm
  2108 | D        | Killed Maurice
  2357 | D        | Killed a merfolk aquamancer
  2558 | D        | Noticed Sonja
  2622 | D        | Killed Sonja
  2622 | D        | Reached skill level 15 in Fighting
  2622 | D        | Reached skill level 15 in Armour
  2622 | D        | Reached skill level 15 in Shields
  2667 | D        | Noticed a seven-headed hydra
  2667 | D        | Noticed a death cob
  2672 | D        | Killed a death cob
  2677 | D        | Killed a seven-headed hydra
  2894 | D        | Reached skill level 1 in Evocations
  2912 | D        | Noticed an emperor scorpion
  2938 | D        | HP: 3/114 [emperor scorpion (17)]
  2940 | D        | Killed an emperor scorpion
  2940 | D        | Reached XP level 12. HP: 20/124 MP: 14/21
  3289 | D        | Noticed a yaktaur captain
  3291 | D        | Noticed a deep elf sorcerer
  3293 | D        | Noticed a deep elf death mage
  3293 | D        | Noticed a purple draconian
  3295 | D        | Noticed a deep elf high priest
  3296 | D        | Noticed a deep elf death mage
  3297 | D        | Noticed a red draconian
  3298 | D        | Killed a yaktaur captain
  3298 | D        | Noticed a green draconian scorcher
  3300 | D        | Noticed a nagaraja
  3300 | D        | Killed a deep elf sorcerer
  3301 | D        | Killed a ghostly yaktaur captain
  3305 | D        | Killed a purple draconian
  3309 | D        | Killed a deep elf high priest
  3309 | D        | Reached skill level 5 in Evocations
  3311 | D        | Killed a deep elf death mage
  3315 | D        | Noticed a sphinx
  3317 | D        | HP: 5/125 [red draconian] (28)]
  3317 | D        | Killed a green draconian scorcher
  3319 | D        | The Shining One protects you from harm!
  3321 | D        | Killed a ghostly green draconian scorcher
  3322 | D        | Killed a ghostly deep elf death mage
  3323 | D        | Killed a red draconian
  3324 | D        | HP: 5/125 [ghostly red draconian/searing blast (16)]
  3324 | D        | Noticed a green draconian
  3325 | D        | Killed a deep elf death mage
  3326 | D        | Killed a ghostly deep elf death mage
  3328 | D        | Killed a sphinx
  3330 | D        | HP: 3/125 [nagaraja/splash of poison (3)]
  3332 | D        | HP: 1/125 [nagaraja/splash of poison (3)]
  3758 | D        | Killed a green draconian
  3931 | D        | Noticed a vampire knight
  3932 | D        | Noticed an alligator snapping turtle
  3935 | D        | Reached skill level 15 in Invocations
  3935 | D        | Noticed a fire giant
  3939 | D        | Noticed a death knight
  3941 | D        | Killed a vampire knight
  3944 | D        | Killed a fire giant
  3950 | D        | Reached XP level 13. HP: 63/136 MP: 23/23
  3952 | D        | The Shining One protects you from harm!
  3954 | D        | HP: 4/136 [alligator snapping turtle (30)]
  3956 | D        | HP: 1/136 [mirror damage (2)]
  3960 | D        | Killed by mirror damage

Skill      XL: |  1  2  3  4  5  6  7  8  9 10 11 12 |
---------------+-------------------------------------+-----
Axes           | 3 5 7 9 11 12 13 15 16 | 16.0
Fighting       | 4 5 6 7 8 9 10 11 13 16 18 | 18.7
Armour         | 4 6 7 8 9 10 12 14 16 18 | 18.7
Shields        | 4 5 6 7 8 9 10 12 14 15 | 15.1
Invocations    | 1 3 4 6 7 8 9 11 13 15 | 15.8
Evocations     | 2 8 |  8.7

Action                   |  1- 3 |  4- 6 |  7- 9 | 10-12 | 13-15 || total
-------------------------+-------+-------+-------+-------+-------++-------
Melee: War axe           |    23 |    25 |    75 |   211 |     9 ||   343
       Headbutt          |     3 |     6 |    13 |    47 |     1 ||    70
       Trishula          |       |       |       |     7 |       ||     7
Invok: Divine Shield     |       |     1 |       |     1 |       ||     2
       Brand Weapon With |       |       |       |     1 |       ||     1
       Summon Divine War |       |       |       |     4 |       ||     4
       Cleansing Flame   |       |       |       |     2 |       ||     2
Evoke: Wand              |       |       |       |     2 |       ||     2
  Use: Potion            |       |       |     1 |    14 |       ||    15
  Eat: Chunk             |       |       |     1 |     7 |       ||     8
       Ration            |       |       |       |     1 |       ||     1
Armor: Scale mail        |     3 |       |       |       |       ||     3
       Chain mail        |     2 |     6 |    41 |   109 |     3 ||   161
Dodge: Dodged            |     2 |     6 |    24 |    69 |     2 ||   103
Block: Shield            |    21 |    21 |    41 |   165 |     6 ||   254
